 Dungeon Crawl Stone Soup version 0.27.1-34-g3ba077fa99 (webtiles) character file.

Game seed: 15269449707298332365

82 Ijustatesigmund the Skirmisher (level 4, -8/29 HPs)
             Began as a Gargoyle Fighter on Jan 29, 2022.
             Killed from afar by an orc wizard (11 damage)
             ... with a magic dart
             ... on level 3 of the Dungeon.
             The game lasted 00:02:22 (1989 turns).

Ijustatesigmund the Skirmisher (Gargoyle Fighter)   Turns: 1989, Time: 00:02:22

Health: -8/29      AC: 10    Str: 22    XL:     4   Next: 43%
Magic:  4/4        EV:  7    Int:  9    God:
Gold:   57         SH:  9    Dex:  9    Spells: 3/3 levels left

rFire    . . .     SeeInvis .   a - +0 flail
rCold    . . .     Faith    .   c - +0 kite shield
rNeg     + . .     Spirit   .   b - +0 scale mail
rPois    ∞         Reflect  .   (no helmet)
rElec    +         Harm     .   (no cloak)
rCorr    .         Rampage  .   (no gloves)
Will     .....                  (no boots)
Stlth    ..........             (no amulet)
HPRegen  0.09/turn              (no ring)
MPRegen  0.09/turn              (no ring)

@: unable to read
A: sickness immunity, AC +3, negative energy resistance 1, electricity
resistance, torment resistance 1, petrification resistance, screaming 1, strong
1, inability to read while threatened
a: no special abilities


You were on level 3 of the Dungeon.
You visited 1 branch of the dungeon, and saw 3 of its levels.

You collected 57 gold pieces.

Inventory:

Hand Weapons
 a - a +0 flail (weapon)
Missiles
 g - 7 javelins
 k - a throwing net (quivered)
Armour
 b - a +0 scale mail (worn)
 c - a +0 kite shield (worn)
Jewellery
 e - a ring of fire
Potions
 d - a potion of might
 h - a potion of haste {unknown}
 i - a potion of ambrosia {unknown}
 j - a potion of berserk rage {unknown}
 l - a potion of mutation


   Skills:
 + Level 4.1 Fighting
 * Level 3.9 Maces & Flails
 - Level 3.2 Armour
 - Level 3.2 Shields


You had 3 spell levels left.
You didn't know any spells.
Your spell library contained the following spells:

 Spells                   Type           Power      Damage    Failure   Level
 Magic Dart               Conj           0%         1d3       99%         1
 Call Imp                 Summ           0%         N/A       100%        2
 Mephitic Cloud           Conj/Pois/Air  0%         N/A       100%        3


Dungeon Overview and Level Annotations

Branches:
Dungeon (3/15)

Altars:
Vehumet
Wu Jian


Innate Abilities, Weirdness & Mutations

You are immune to sickness and miasma.
Your stone body is resilient. (AC +3)
You are immune to poison.
You resist negative energy. (rN+)
You are resistant to electric shocks. (rElec)
You are resistant to unholy torment.
You are immune to petrification.
You occasionally shout uncontrollably at your foes.
Your muscles are strong. (Str +2)
You sometimes lose the ability to read scrolls when taking damage.


Message History

You hear some strange, mumbled words.
You are more confused.
You closely miss something. Something hits you but does no damage.
You bump into the rock wall.
Something hits you but does no damage.
You miss something.
Something hits you but does no damage. x2
You closely miss something.
A rat comes into view.
Something hits you but does no damage.
You bump into the rock wall.
Something hits you.
You closely miss something.
Something hits you but does no damage. x2
You bump into the rock wall.
Something hits you but does no damage.
You miss something.
You feel less confused. You block something's attack.
You closely miss something.
You hear some strange, mumbled words.
A puff of flame appears from out of thin air!
The puff of flame hits you.
* * * LOW HITPOINT WARNING * * *
Something hits you but does no damage.
You miss something. Something hits you but does no damage.
It was a potion of mutation.
You feel extremely strange.
You feel stronger.
You lose the ability to read scrolls when threatened.
You feel the urge to shout. Something hits you.
You feel threatened and lose the ability to read scrolls!
* * * LOW HITPOINT WARNING * * *
You sock something!
Something hits you but does no damage. x2
You closely miss something.
You can read scrolls again.
You block something's attack.
You miss something. You block something's attack. Something hits you.
* * * LOW HITPOINT WARNING * * *
You miss something.
You hear some strange, mumbled words.
A magic dart appears from out of thin air!
The magic dart hits you!
You feel threatened and lose the ability to read scrolls!
You die...

.##.#.# ...#.# #.<.....
..#.#.# .....# #......#
#.....# ...### #.#...##
..#.### #>##..# .##.# #.
##.# .##.####.# .. .....
.##......# #.## #....
...#####.###.########
#.# #.... ##.#
..<..r{@...# #.# #...☼
...#
..########.####.####....
#### ##............#. #
#............... #
#.###.........†. # ...
#.....#..#.. # #(#.
#.....#..#.# # .....
###.###..... # ### ..
#.........


You could see a rat.

Vanquished Creatures
  An orc priest (D:3)
  An adder (D:2)
  A dart slug (D:1)
  2 orcs (D:3)
  4 ball pythons
  An endoplasm (D:1)
  5 giant cockroaches
  7 goblins (D:2)
  5 hobgoblins
  2 jackals (D:3)
  4 bats
  A frilled lizard (D:3)
  A kobold (D:2)
  A rat (D:1)
36 creatures vanquished.

Notes
Turn   | Place    | Note
-------+----------+-------------------------------------------
     0 | D:1      | Ijustatesigmund the Gargoyle Fighter began the quest for
                  | the Orb.
     0 | D:1      | Reached XP level 1. HP: 14/14 MP: 1/1
   261 | D:1      | Reached XP level 2. HP: 14/19 MP: 2/2
   270 | D:1      | Found a faded altar of an unknown god.
  1091 | D:2      | Reached XP level 3. HP: 24/24 MP: 3/3
  1346 | D:2      | Found an ornate altar of the Wu Jian Council.
  1932 | D:3      | Found a radiant altar of Vehumet.
  1964 | D:3      | Reached skill level 4 in Fighting
  1966 | D:3      | Reached XP level 4. HP: 17/29 MP: 4/4
  1985 | D:3      | Gained mutation: Your muscles are strong. (Str +2) [potion
                  | of mutation]
  1985 | D:3      | Gained mutation: You sometimes lose the ability to read
                  | scrolls when taking damage. [potion of mutation]
  1985 | D:3      | Gained mutation: You occasionally shout uncontrollably at
                  | your foes. [potion of mutation]
  1989 | D:3      | Killed from afar by an orc wizard

Illustrated notes

Levels and vault maps discovered:
D:1:      lemuel_arrival_room, layout_loops_ring, basic_ecumenical_altar,
          st_stairs_6
D:2:      kennysheep_the_goblin_king, layout_loops_ring, basic_altar
D:3:      layout_loops_ring, fiery_altar_vehumet, jmf_multi_god_temple2,
          minmay_misc_feat_nine_boxes

Skill      XL: |  1  2  3 |
---------------+----------+-----
Maces & Flails | 3 |  3.9
Fighting       | 4 |  4.1
Armour         | |  3.2
Shields        | |  3.2

Action                   |  1- 3 |  4- 6 || total
-------------------------+-------+-------++-------
Melee: Flail             |   119 |    20 ||   139
  Use: Scroll            |     5 |       ||     5
       Potion            |       |     1 ||     1
Armor: Scale mail        |    74 |    18 ||    92
Dodge: Dodged            |    40 |       ||    40
Block: Kite shield       |    81 |     3 ||    84
